 Dungeon Crawl Stone Soup version 0.32-a0-599-gba8f9cf90e (webtiles) character file.

Game seed: 7936148344306991981

2 jasper the Trooper (level 1, -1/18 HPs)
             Began as a Demonspawn Cinder Acolyte on Mar 2, 2024.
             Was a High Priest of Ignis.
             Constricted to death by a ball python (2 damage)
             ... on level 1 of the Dungeon.
             The game lasted 00:00:12 (23 turns).

jasper the Trooper (Demonspawn Cinder Acolyte)        Turns: 23, Time: 00:00:13

Health: -1/18      AC:  2    Str: 14    XL:     1   Next: 33%
Magic:  2/2        EV:  1    Int: 14    God:    Ignis [*****.]
Gold:   0          SH:  0    Dex:  8    Spells: 2/2 levels left

rFire   + . .        a - -1 mace (flame)
rCold   . . .        (no shield)
rNeg    . . .        b - +0 robe
rPois   .            (no helmet)
rElec   .            (no cloak)
rCorr   .            (no gloves)
SInv    .            (no boots)
Will    .....        (no amulet)
Stlth   +            (no ring)
HPRegen 0.23/turn    (no ring)
MPRegen 0.08/turn

%: no passive effects
@: constricted
A: no striking features
a: Renounce Religion, Fiery Armour, Foxfire Swarm, Rising Flame


You were on level 1 of the Dungeon.
You worshipped Ignis.
Ignis was extremely pleased with you.
You visited 1 branch of the dungeon, and saw 2 of its levels.

Inventory:

Hand Weapons
 a - a -1 mace of flaming (weapon)
Armour
 b - a +0 robe (worn)


   Skills:
 - Level 3.0 Fighting
 + Level 2.9 Maces & Flails
 - Level 1.0 Spellcasting
 - Level 2.6 Fire Magic


You had 2 spell levels left.
You didn't know any spells.
Your spell library contained the following spells:

 Spells                   Type           Power      Damage    Failure   Level
 Scorch                   Fire           16%        2d5       13%         2


Dungeon Overview and Level Annotations

Branches:
Dungeon (2/15)

Altars:

Annotations:
D:2 Natasha


Message History

A dart slug comes into view.
Found a club.
There is a stone staircase leading down here.
Natasha and a rat come into view.
Found a scroll labelled VAETWE JOXTUERPH.
The rat squeaks loudly.
Natasha casts a spell.
You hit the dart slug. You burn the dart slug.
You kill the dart slug!
Natasha stares at you and mumbles some strange words.
You resist with significant effort.
Natasha casts a spell.
Natasha stares at you and mumbles some strange words.
The magic dart hits you!
There is a stone staircase leading down here.
You take 8 damage, and have 10/18 hp.
MASSIVE DAMAGE!!
There is a stone staircase leading up here.
The cerulean imp closely misses you.
Natasha howls an incantation.
Natasha's front paws start to glow.
Natasha mumbles some strange words.
You climb upwards.
The ball python bites you. The ball python grabs you.
The ball python constricts you.
The ball python bites you but does no damage.
The ball python constricts you.
There is a stone staircase leading down here.
You take 2 damage, and have 9/18 hp.
A ball python is nearby!
You closely miss the ball python. The ball python bites you.
The ball python constricts you.
* * * LOW HITPOINT WARNING * * *
The ball python bites you.
* * * LOW HITPOINT WARNING * * *
The ball python constricts you.
You take 5 damage, and have 4/18 hp.
MASSIVE DAMAGE!!
You closely miss the ball python. The ball python bites you.
* * * LOW HITPOINT WARNING * * *
The ball python constricts you.
You die...
Ignis goes out, and joins you in death.

...... )....
....#### ......
....####### ?
.........#
##.####........#
.......@........
##.#...S........
#.........#####.#
...#.##..........#
.. #. #...<.......
. # #...........
#...........
#....ß......
#.....♣.....


You could see a ball python.

Vanquished Creatures
  A dart slug (D:2)
1 creature vanquished.

Notes
Turn   | Place    | Note
-------+----------+-------------------------------------------
     0 | D:1      | jasper the Demonspawn Cinder Acolyte began the quest for
                  | the Orb.
     0 | D:1      | Reached XP level 1. HP: 18/18 MP: 2/2
    11 | D:2      | Noticed Natasha
    12 | D:2      | Noticed a cerulean imp
    16 | D:2      | Noticed a cerulean imp
    21 | D:2      | Noticed a cerulean imp
    23 | D:1      | Constricted to death by a ball python

Illustrated notes

Levels and vault maps discovered:
D:1:      wander_arrival_peaceful_grave, layout_basic, grunt_decor_mini_mirrors
D:2:      layout_rooms, uniq_terence, uniq_natasha

Action                     || total
---------------------------++-------
  Melee: Mace              ||     3
 Armour: Robe              ||    11
  Dodge: Dodged            ||     1

Table legend: (Time is in decaauts)
 A = Elapsed time spent in this place.
 B = Non-inter-level travel time spent in this place.
 C = Inter-level travel time spent in this place.
 D = Time resting spent in this place.
 E = Time spent auto-exploring this place.
 F = Levels seen in this place.
 G = Mean time per level.
                   A        B        C        D        E       F      G
               +--------+--------+--------+--------+--------+-----+--------+
         Total |     23 |     23 |      0 |      0 |      2 |   2 |   11.5 |
       Dungeon |     23 |     23 |      0 |      0 |      2 |   2 |   11.5 |
               +--------+--------+--------+--------+--------+-----+--------+

Top non-repeatable levels by time:
     D:2: 16 daAuts
     D:1: 7 daAuts
